 Dungeon Crawl Stone Soup version 0.25.1-2-g60ff931df9 (webtiles) character file.

Game seed: 15754410172018971507

211 Madoushi the Chopper (level 5, 0/48 HPs)
             Began as a Minotaur Berserker on Sept 17, 2020.
             Was a Believer of Trog.
             Succumbed to MonzzCrawl's ghost's poison
             ... on level 3 of the Dungeon.
             The game lasted 00:04:15 (2733 turns).

Madoushi the Chopper (Minotaur Berserker)           Turns: 2733, Time: 00:04:16

Health: 0/48       AC: 10    Str: 23    XL:     5   Next: 57%
Magic:  4/4        EV: 13    Int:  4    God:    Trog [**....]
Gold:   132        SH:  0    Dex:  9    Spells: 4/4 levels left

rFire    . . .     SeeInvis .   a - +0 hand axe
rCold    + . .     Gourm    .   (no shield)
rNeg     . . .     Faith    .   k - +2 leather armour {rC+}
rPois    .         Spirit   .   (helmet restricted)
rElec    .         Reflect  .   l - +0 cloak
rCorr    .         Harm     .   (no gloves)
MR       .....                  (no boots)
Stlth    +.........             (no amulet)
HPRegen  0.16/turn              j - +4 ring of protection
MPRegen  0.09/turn              (no ring)

@: mighty, lethally poisoned (0 -> -4), berserk cooldown, slowed, very slow
A: retaliatory headbutt, horns 2
a: Berserk, Trog's Hand, Renounce Religion


You were on level 3 of the Dungeon.
You worshipped Trog.
Trog was pleased with you.
You were hungry.

You visited 1 branch of the dungeon, and saw 3 of its levels.

You collected 132 gold pieces.

Inventory:

Hand Weapons
 a - a +0 hand axe (weapon)
Armour
 b - a +0 animal skin
 k - a +2 leather armour of cold resistance (worn)
 l - a +0 cloak (worn)
Jewellery
 i - a cursed ring of teleportation
 j - a +4 ring of protection (left hand)
Scrolls
 d - a scroll of remove curse {unknown}
 e - 2 scrolls of enchant armour {unknown}
 f - a scroll of random uselessness {unknown}
 n - a scroll of fear {unknown}
 q - a scroll of identify
Potions
 h - 2 potions of magic
 m - a potion of might
 o - a potion of heal wounds {unknown}
 p - a potion of resistance {unknown}
 r - a potion of brilliance {unknown}
 s - 2 potions of haste {unknown}
 t - a potion of invisibility {unknown}
Comestibles
 c - 8 rations


   Skills:
 + Level 5.0 Fighting
 + Level 5.4 Axes
 + Level 2.7 Armour
 + Level 3.7 Dodging
 + Level 1.0 Stealth


You had 4 spell levels left.
You didn't know any spells.
Your spell library was empty.

Dungeon Overview and Level Annotations

Branches:
Dungeon (3/15)

Altars:
Sif Muna
The Shining One


Innate Abilities, Weirdness & Mutations

You reflexively headbutt those who attack you in melee.
You have a pair of horns on your head.


Message History

* * * LOW HITPOINT WARNING * * *
You feel sick.
* * * LOW HITPOINT WARNING * * *
You feel sick.
* * * LOW HITPOINT WARNING * * *
You feel sick.
* * * LOW HITPOINT WARNING * * *
You feel sick.
* * * LOW HITPOINT WARNING * * *
You feel sick.
Okay, then.
Drop what? 19/52 slots (_ for help) (? for menu, Esc to quit)
Okay, then.
It was a potion of magic.
Magic courses through your body.
* * * LOW HITPOINT WARNING * * *
You feel sick.
Okay, then.
It was a potion of might.
You feel very mighty all of a sudden.
You die...

........#.....................###
..............................#
..............................#
..#..........#########........#
........###..#.......#........#
...#########.#..#.#..#........#
.............#.$.#..))........#
.............#.)$....'.......>#
.............#..@#...'.#.......
.............#..#.#..#.##...##
#'#.###......#....)..#.# ...#
#.#.# .... #########.# ...# #.#.#
. ...(. .... .... ..#.#
####...#.### ### ###.# #...#..
....# ...# ###.#


There were no monsters in sight!

Vanquished Creatures
  The ghost of MonzzCrawl the Poker, an amateur DsGl (D:3)
  An orc priest (D:3)
  3 adders
  An ooze (D:1)
  2 dart slugs
  A leopard gecko (D:2)
  6 orcs (D:3)
  6 bats
  3 giant cockroaches
  10 goblins
  5 hobgoblins
  9 jackals
  4 kobolds
  A ball python (D:1)
  A frilled lizard (D:2)
  2 rats (D:1)
56 creatures vanquished.

Notes
Turn   | Place    | Note
-------+----------+-------------------------------------------
     0 | D:1      | Madoushi the Minotaur Berserker began the quest for the
                  | Orb.
     0 | D:1      | Reached XP level 1. HP: 19/19 MP: 0/0
   167 | D:1      | Reached XP level 2. HP: 24/27 MP: 1/1
   868 | D:1      | Reached XP level 3. HP: 31/33 MP: 2/2
  1439 | D:2      | Reached ** piety under Trog
  1531 | D:2      | Found a glowing golden altar of the Shining One.
  1652 | D:2      | Reached XP level 4. HP: 31/41 MP: 3/3
  2447 | D:3      | Found a runed translucent gate.
  2447 | D:3      | Found a runed translucent gate.
  2448 | D:3      | Noticed MonzzCrawl's ghost (amateur DsGl)
  2452 | D:3      | Found a runed translucent gate.
  2680 | D:3      | Found a shimmering blue altar of Sif Muna.
  2717 | D:3      | Killed MonzzCrawl's ghost
  2717 | D:3      | Reached skill level 5 in Fighting
  2717 | D:3      | Reached skill level 5 in Axes
  2717 | D:3      | Reached skill level 1 in Stealth
  2717 | D:3      | Reached XP level 5. HP: 39/48 MP: 4/4
  2730 | D:3      | HP: 2/48 [poisoned by MonzzCrawl's ghost]
  2733 | D:3      | Succumbed to MonzzCrawl's ghost's poison

Illustrated notes

Levels and vault maps discovered:
D:1:      eino_arrival_tree_alley, layout_basic
D:2:      layout_loops_corners, lemuel_doored_altar, first_ration,
          hangedman_abyss_or_decor_stabs
D:3:      layout_basic, lemuel_blue_sif_altar, gammafunk_ghost_split

Skill      XL: |  1  2  3  4 |
---------------+-------------+-----
Fighting       | 4 5 |  5.0
Axes           | 4 5 |  5.4
Dodging        | 3 |  3.7
Stealth        | 1 |  1.0
Armour         | |  2.7

Action                   |  1- 3 |  4- 6 || total
-------------------------+-------+-------++-------
Melee: Hand axe          |    72 |    41 ||   113
       Headbutt          |    12 |     6 ||    18
Invok: Berserk           |       |     1 ||     1
  Use: Scroll            |       |     3 ||     3
       Potion            |       |     2 ||     2
 Stab: Sleeping          |     2 |       ||     2
  Eat: Chunk             |     2 |     4 ||     6
Armor: Animal skin       |    17 |       ||    17
       Leather armour    |       |    10 ||    10
Dodge: Dodged            |    62 |    21 ||    83
